Map: Dusk Towers

Players

Drais

  • Race: Terran Terran
  • League: Gold

Toons - Winner!

  • Race: Protoss Protoss
  • League: Gold

VOD

Have the link to the VOD?

Description

Time

  • Played on: Feb. 3, 2016, 3:05 a.m.
  • Length: 12:53
Show
View Real Time Build Order
Export as new Build Order

Drais Terran 

Build Orders:  

Get SALT Encoding   

  12  0:00  SCV  
  13  0:13  SCV  
  14  0:21  Supply Depot  
  14  0:25  SCV  
  15  0:33  Refinery  
  15  0:43  SCV  
  15  0:45  Barracks  
  16  0:55  SCV  
  17  1:18  Supply Depot, SCV  
  18  1:30  SCV  
  20  1:44  Orbital Command  
  20  2:00  Barracks Reactor  
  19  2:06  Factory  
  19  2:11  SCV  
  20  2:24  Supply Depot  
  20  2:27  SCV  
  21  2:39  SCV  
  22  2:51  SCV  
  23  2:52  Marine x2  
  23  2:54  Factory Tech Lab  
  23  2:56  Command Center  
  23  2:58  Supply Depot  
  25  3:01  Refinery  
  25  3:13  Marine x2  
  27  3:22  SCV  
  28  3:30  Cyclone  
  31  3:34  SCV  
  31  3:35  Marine x2  
  31  3:39  Barracks  
  33  3:43  Supply Depot, Barracks  
  33  3:52  Marine  
  33  3:53  Marine  
  35  3:57  SCV  
  36  4:09  SCV  
  37  4:17  Marine  
  37  4:18  Marine  
  37  4:22  Siege Tank  
  42  4:32  SCV x2  
  42  4:37  Barracks Tech Lab x2  
  44  4:42  Engineering Bay  
  44  4:45  Marine x2  
  44  4:46  Starport  
  46  5:03  Marine, SCV x2  
  49  5:13  Siege Tank  
  52  5:15  SCV x2  
  54  5:25  Command Center  
  54  5:36  Missile Turret  
  54  5:40  Terran Infantry Weapons Level 1  
  54  5:41  Missile Turret  
  54  5:42  Starport Reactor  
  54  5:46  Supply Depot  
  54  5:52  Refinery  
  54  5:55  Refinery  
  54  5:58  Missile Turret  
  54  5:59  SCV x2  
  54  6:00  Missile Turret  
  56  6:11  SCV x2  
  58  6:23  SCV x2  
  60  6:35  SCV x2  
  62  6:40  Medivac x2  
  62  6:41  Engineering Bay  
  62  6:42  Marauder x2, Marine x2  
  72  6:47  SCV x2  
  74  6:54  Supply Depot  
  74  6:58  Orbital Command  
  74  6:59  SCV x2  
  74  7:00  Marine  
  77  7:11  SCV x2  
  77  7:14  Marauder, Marine x2  
  83  7:17  Medivac, Supply Depot  
  83  7:18  Marine  
  83  7:19  Terran Infantry Armor Level 1  
  83  7:21  Armory  
  86  7:23  SCV  
  86  7:29  Missile Turret  
  87  7:31  Marine  
  87  7:32  Marine  
  87  7:35  Marine  
  87  7:36  Marine  
  91  7:49  Marine x2  
  91  7:50  Medivac x2  
  97  7:53  Marauder, Marine  
  97  7:56  SCV x2  
  97  7:57  SCV  
  103  8:02  Refinery  
  103  8:07  Marine  
  103  8:08  Marauder, Missile Turret, SCV  
  103  8:09  SCV  
  108  8:22  Marauder  
  109  8:40  Supply Depot  
  109  8:41  Barracks  
  109  8:42  Supply Depot x2, Terran Infantry Weapons Level 2, Barracks  
  109  8:44  Barracks  
  109  9:00  Refinery  
  109  9:01  Command Center, SCV x3  
  112  9:14  SCV x3  
  115  9:25  Marauder x2, Marine x2  
  121  9:33  Barracks Reactor x2  
  121  9:36  Barracks  
  121  9:37  Barracks  
  121  9:38  Ghost Academy  
  121  9:42  Marine  
  121  9:43  Marine  
  123  9:46  Marine x2  
  123  9:47  Marine  
  123  9:52  Siege Tank  
  129  9:55  SCV  
  130  10:00  Marine  
  130  10:01  Marine  
  130  10:05  Marine  
  133  10:12  Terran Infantry Armor Level 2  
  133  10:13  Marauder x2  
  137  10:15  Supply Depot  
  137  10:18  Marine  
  137  10:19  Marine  
  137  10:20  Marine x4  
  143  10:23  Marine  
  143  10:24  Siege Tank  
  143  10:25  Planetary Fortress  
  147  10:34  Barracks Tech Lab, Marine  
  148  10:37  Marauder, Marine x2  
  148  10:38  Supply Depot  
  152  10:52  Marauder, Barracks  
  152  10:54  Barracks  
  152  10:56  Barracks  
  154  10:58  Supply Depot  
  154  10:59  Marauder, Supply Depot  
  154  11:00  Missile Turret  
  154  11:01  Supply Depot  
  156  11:05  Missile Turret  
  156  11:07  Personal Cloaking  
  156  11:09  Ghost  
  158  11:12  Marine  
  158  11:13  Marine x5  
  164  11:19  Marine x2, Ghost  
  164  11:20  Marauder  
  164  11:21  Supply Depot  
  164  11:23  Supply Depot  
  170  11:30  Marine  
  170  11:31  Marine x5  
  176  11:37  Marine  
  177  11:47  Supply Depot  
  110  12:13  Marine  
  110  12:14  Marauder, Marine x9  
  103  12:23  Supply Depot  
  102  12:31  Marine  
  102  12:32  Supply Depot, Marine x9  
  102  12:35  Marine  
Show
View Real Time Build Order
Export as new Build Order

Toons Protoss - Winner!

Build Orders:  

Get SALT Encoding   

  12  0:01  Probe (Chrono Boost)  
  13  0:11  Probe (Chrono Boost)  
  14  0:18  Pylon  
  14  0:22  Probe (Chrono Boost)  
  15  0:36  Probe (Chrono Boost)  
  15  0:40  Gateway  
  16  0:43  Assimilator  
  16  0:47  Probe (Chrono Boost)  
  17  0:57  Probe (Chrono Boost)  
  18  1:04  Pylon  
  18  1:08  Probe (Chrono Boost)  
  20  1:18  Probe (Chrono Boost)  
  20  1:27  Cybernetics Core  
  20  1:30  Probe (Chrono Boost)  
  21  1:44  Probe (Chrono Boost)  
  22  1:53  Nexus  
  22  1:54  Probe (Chrono Boost)  
  23  2:05  Probe (Chrono Boost)  
  23  2:06  Assimilator  
  23  2:07  Warp Gate (Chrono Boost)  
  24  2:12  Adept  
  27  2:15  Probe (Chrono Boost)  
  27  2:21  Pylon  
  27  2:30  Probe (Chrono Boost)  
  28  2:41  Probe, Gateway, Adept  
  31  2:49  Gateway  
  31  2:53  Probe  
  32  3:06  Robotics Facility  
  32  3:09  Probe  
  33  3:15  Probe  
  34  3:31  Probe  
  35  3:35  Probe  
  36  3:43  Probe  
  37  3:48  Probe  
  37  3:50  Forge, Pylon  
  37  3:54  Assimilator  
  37  3:55  Probe  
  39  3:58  Observer, Assimilator  
  39  4:00  Probe  
  41  4:07  Probe  
  42  4:13  Probe  
  43  4:17  Adept x3  
  43  4:19  Probe  
  48  4:31  Probe  
  48  4:33  Probe  
  48  4:34  Protoss Ground Weapons Level 1 (Chrono Boost)  
  48  4:36  Immortal  
  54  4:39  Pylon  
  54  4:42  Probe  
  55  4:46  Gateway  
  55  4:47  Stalker  
  55  4:48  Gateway, Sentry  
  55  4:49  Sentry  
  61  4:56  Probe  
  61  4:57  Probe  
  63  5:05  Pylon  
  63  5:06  Probe  
  63  5:09  Probe, Photon Cannon  
  63  5:12  Photon Cannon  
  65  5:19  Observer  
  66  5:23  Zealot x3  
  66  5:24  Probe  
  66  5:25  Probe  
  74  5:32  Photon Cannon  
  74  5:34  Probe, Photon Cannon  
  75  5:50  Probe  
  75  5:51  Probe  
  77  6:05  Nexus  
  77  6:06  Pylon  
  77  6:08  Twilight Council  
  77  6:10  Pylon  
  77  6:20  Pylon  
  77  6:22  Probe  
  77  6:23  Pylon  
  77  6:24  Mothership Core  
  80  6:34  Pylon, Zealot x5  
  90  6:42  Immortal  
  90  6:46  Protoss Ground Armor Level 1 (Chrono Boost)  
  93  7:01  Charge  
  93  7:02  Probe  
  93  7:03  Probe  
  95  7:08  Assimilator  
  95  7:14  Assimilator  
  95  7:15  Probe  
  96  7:17  Stalker x4  
  96  7:18  Stalker  
  106  7:27  Templar Archives  
  106  7:28  Probe  
  106  7:29  Probe  
  106  7:30  Probe  
  109  7:39  Probe x2  
  111  7:45  Probe  
  111  7:49  Probe  
  113  7:57  Photon Cannon  
  113  8:00  Photon Cannon  
  113  8:05  Pylon  
  113  8:10  Zealot x5  
  123  8:15  Gateway  
  123  8:16  Gateway  
  123  8:18  Gateway  
  123  8:21  Gateway  
  123  8:22  Pylon x2  
  118  8:49  Probe  
  118  8:50  Psionic Storm, Probe  
  118  8:52  Protoss Ground Weapons Level 2 (Chrono Boost)  
  118  8:53  Warp Prism  
  122  8:57  Zealot x5  
  132  9:11  Nexus  
  132  9:13  Pylon x2  
  132  9:15  Pylon  
  132  9:37  Nexus  
  132  9:39  Pylon, Probe  
  132  9:40  Pylon, Probe  
  132  9:42  Pylon  
  132  9:44  Blink  
  134  9:49  High Templar  
  134  9:50  Forge, High Templar x4  
  144  9:55  Zealot x4  
  152  10:06  Forge, Pylon  
  152  10:07  Pylon  
  152  10:12  Photon Cannon  
  152  10:13  Photon Cannon  
  152  10:14  Photon Cannon  
  152  10:19  Observer  
  153  10:38  Probe  
  153  10:39  Probe x2  
  156  10:43  High Templar x6  
  156  10:44  High Templar x3  
  156  10:48  Archon x4  
  174  11:06  Photon Cannon  
  174  11:10  Photon Cannon  
  174  11:11  Photon Cannon  
  174  11:21  Zealot x5  
  174  11:22  Zealot x2  
  174  11:23  Zealot x2  
  184  12:02  Stalker x5  
  184  12:03  Stalker x3  
  184  12:18  Zealot  
Tags
 
League
GoldGold
Matchup
PvT
Replay Pack
toons-pack1
Add a new tag
Caveats
  • Supply blocks, unpowered buildings, or Contaminate may cause inaccurate times.
  • Supply counts are checked every 10 seconds.